 Dungeon Crawl Stone Soup version 0.31-a0-230-g09eb5fc4d3 (webtiles) character file.

Game seed: 1766223859053099117

240 qw the Shooter (level 5, -1/45 HPs)
             Began as a Minotaur Hexslinger on July 6, 2023.
             Killed from afar by Joseph (9 damage)
             ... with a puff of flame
             ... on level 7 of the Dungeon.
             The game lasted 00:00:59 (2617 turns).

qw the Shooter (Minotaur Hexslinger)                Turns: 2617, Time: 00:00:59

Health: -1/45      AC:  5    Str: 12    XL:     5   Next: 80%
Magic:  5/5        EV: 11    Int: 10    God:
Gold:   210        SH:  0    Dex: 15    Spells: 5/6 levels left

rFire   . . .        Y - +6 sling
rCold   . . .        (no shield)
rNeg    . . .        i - +0 ring mail
rPois   .            (helmet restricted)
rElec   .            (no cloak)
rCorr   .            (no gloves)
SInv    .            (no boots)
Will    .....        d - amulet of regeneration
Stlth   +            (no ring)
HPRegen 1.07/turn    (no ring)
MPRegen 0.09/turn

%: no passive effects
@: no status effects
A: horns 2, retaliatory headbutt
a: no special abilities


You were on level 7 of the Dungeon.
You visited 1 branch of the dungeon, and saw 5 of its levels.

You collected 210 gold pieces.


Innate Abilities, Weirdness & Mutations

You have a pair of horns on your head.
You reflexively headbutt those who attack you in melee.


   Skills:
 - Level 3.0 Fighting
 + Level 5.9 Ranged Weapons
 - Level 1.5 Armour
 - Level 2.1 Dodging
 - Level 1.0 Spellcasting
 - Level 2.0 Hexes


You had 5 spell levels left.
You knew the following spells:

 Your Spells              Type           Power      Damage    Failure   Level
a - Slow                  Hex            16%        N/A       32%         1

Your spell library contained the following spells:

 Spells                   Type           Power      Damage    Failure   Level
 Inner Flame              Hex/Fire       2%         N/A       83%         3
 Portal Projectile        Hex/Tloc       4%         N/A       83%         3
 Cause Fear               Hex            2%         N/A       97%         4

Inventory:

Hand Weapons
 Y - a +6 sling (weapon)
Armour
 i - a +0 ring mail (worn)
Jewellery
 d - an amulet of regeneration (around neck)
Scrolls
 b - a scroll of enchant armour
 f - a scroll of identify {unknown}
Potions
 a - a potion of attraction {unknown}
 c - a potion of ambrosia {unknown}
 e - a potion of enlightenment {unknown}
 g - a potion of degeneration {unknown}
 h - a potion of curing {unknown}

Dungeon Overview and Level Annotations

Branches:
Dungeon (4/15)
 Temple: D:4-7

Altars:
Cheibriados
Makhleb

Annotations:
D:3 Grinder
D:7 Joseph


Message History

The sling bullet hits the kobold brigand.
The kobold brigand is almost dead.
You feel sick.
The kobold brigand hits you with a +0 dagger.
The kobold brigand misses you.
You shoot a sling bullet.
The sling bullet hits the kobold brigand.
You kill the kobold brigand!
You feel sick.
You are no longer poisoned.
You start resting.
You feel yourself speed up.
HP restored.
Things that are here:
a +0 dagger; a curare-tipped dart; a kobold corpse
j - a scroll of enchant weapon
2610 ||| READING scroll of enchant weapon.
As you read the scroll of enchant weapon, it crumbles to dust.
Your +5 sling glows red for a moment.
2610 ||| ENCHANTING +5 sling.
You now have 210 gold pieces (gained 8).
Joseph, a Mercenary comes into view.
He is wielding a +4 quarterstaff of speed and carrying a wand of flame (13).
Found a trident.
Joseph shouts!
Joseph zaps a wand.
The puff of flame hits you!
You shoot a sling bullet.
The sling bullet hits Joseph but does no damage.
Joseph unwields a +4 quarterstaff of speed.
Joseph wields a +0 sling.
Joseph shoots a sling bullet.
The sling bullet hits you!!
You shoot a sling bullet.
The sling bullet hits Joseph but does no damage.
Joseph shoots a sling bullet.
The sling bullet hits you!!
You shoot a sling bullet. The sling bullet hits Joseph.
Joseph is lightly wounded.
Joseph shoots a sling bullet.
The sling bullet barely misses you.
You shoot a sling bullet. The sling bullet hits Joseph.
Joseph is lightly wounded.
Joseph screams, "You must be punished!"
Joseph zaps a wand.
The puff of flame hits you!
You die...

### ###
#######.# ##.#
#.......## #.##
#.######..###.#
#.# ##....##
#.####.# #....##
#....@###
#..#..##
#..@#...##
#..#.)). ....#
###..###
##.....). ...
##...###.....##)
)
##.........###.
#....###..###.
##..## ##..##.
###.## #).##.
####...## ##.#..


You could see Joseph.

Vanquished Creatures
  A kobold brigand (D:7)
  An iguana (D:4)
  3 gnolls (D:3)
  5 adders
  An ufetubus (D:4)
  4 dart slugs
  An orc (D:4)
  4 endoplasms
  A giant cockroach (D:2)
  5 goblins
  5 hobgoblins
  3 jackals (D:4)
  13 kobolds
  4 quokkas
  A ball python (D:4)
  4 bats
  3 frilled lizards
  6 rats
65 creatures vanquished.

Notes
Turn   | Place    | Note
-------+----------+-------------------------------------------
     0 | D:1      | qw the Minotaur Hexslinger began the quest for the Orb.
     0 | D:1      | Reached XP level 1. HP: 16/16 MP: 1/1
     0 | D:1      | 0 ||| qw: Version: 0.3-a-46-gb1f654a
     0 | D:1      | 0 ||| qw: Game counter: 1801
     0 | D:1      | 0 ||| qw: Melee chars always use a shield: true
     0 | D:1      | 0 ||| qw: God list: Okawaru
     0 | D:1      | 0 ||| qw: Allow faded altars: false
     0 | D:1      | 0 ||| qw: Do Orc after clearing Dungeon:15 true
     0 | D:1      | 0 ||| qw: Do second Lair branch before Depths: true
     0 | D:1      | 0 ||| qw: Lair rune preference: random
     0 | D:1      | 0 ||| qw: Goals: Normal
     0 | D:1      | 0 ||| PLANNING D:1-11
   296 | D:1      | Reached skill level 3 in Ranged Weapons
   296 | D:1      | Reached XP level 2. HP: 23/23 MP: 2/2
   754 | D:1      | 754 ||| UPGRADING to +0 ring mail.
   764 | D:1      | 764 ||| DROPPING +0 robe.
   765 | D:1      | 765 ||| UPGRADING to amulet of regeneration.
   770 | D:1      | 770 ||| READING scroll labelled DYCOERE FAMNIF.
   771 | D:1      | 771 ||| READING scroll labelled GIOF KYNUIFE.
   772 | D:1      | 772 ||| READING scroll labelled KILA MEDEBROU.
   773 | D:1      | 773 ||| READING 3 scrolls labelled EKIL OGIZXAYL.
   774 | D:1      | 774 ||| READING 2 scrolls of enchant weapon.
   774 | D:1      | 774 ||| ENCHANTING +2 sling.
   775 | D:1      | 775 ||| READING scroll of enchant weapon.
   775 | D:1      | 775 ||| ENCHANTING +3 sling.
   776 | D:1      | 776 ||| DROPPING scroll of poison.
   854 | D:2      | Reached XP level 3. HP: 29/29 MP: 3/3
  1260 | D:2      | Reached skill level 4 in Ranged Weapons
  1358 | D:2      | 1358 ||| DROPPING ring of magical power.
  1476 | D:3      | Noticed Grinder
  1479 | D:3      | 1479 ||| FLEEEEING.
  1480 | D:3      | 1480 ||| FLEEEEING.
  1483 | D:3      | 1483 ||| FLEEEEING.
  1484 | D:3      | 1484 ||| FLEEEEING.
  1487 | D:3      | 1487 ||| FLEEEEING.
  1599 | D:3      | Reached skill level 1 in Armour
  1606 | D:3      | Reached XP level 4. HP: 11/36 MP: 4/4
  1610 | D:3      | HP: 9/36 [gnoll/+0 club (2)]
  1680 | D:3      | Paralysed by Grinder for 5 turns
  1691 | D:3      | Paralysed by Grinder for 5 turns
  1702 | D:3      | Paralysed by Grinder for 2 turns
  1708 | D:3      | 1708 ||| FLEEEEING.
  1709 | D:3      | 1709 ||| FLEEEEING.
  1709 | D:3      | Found a snail-covered altar of Cheibriados.
  1710 | D:3      | 1710 ||| FLEEEEING.
  1711 | D:3      | 1711 ||| FLEEEEING.
  1711 | D:3      | Paralysed by Grinder for 2 turns
  1713 | D:3      | 1713 ||| FLEEEEING.
  1714 | D:3      | 1714 ||| FLEEEEING.
  2035 | D:3      | Found a faded altar of an unknown god.
  2078 | D:3      | 2078 ||| READING scroll of enchant weapon.
  2078 | D:3      | 2078 ||| ENCHANTING +4 sling.
  2216 | D:3      | 2216 ||| READING scroll labelled TUIWUI COQ YCI.
  2219 | D:3      | 2219 ||| READING scroll labelled IGOTUPPEQIE.
  2220 | D:3      | 2220 ||| READING scroll labelled EDYECR QINK.
  2338 | D:4      | Reached skill level 5 in Ranged Weapons
  2419 | D:4      | Reached skill level 3 in Fighting
  2419 | D:4      | Reached XP level 5. HP: 45/45 MP: 5/5
  2483 | D:4      | Found a burning altar of Makhleb.
  2531 | D:4      | You fall into a shaft and drop 3 floors!
  2555 | D:7      | 2555 ||| Stepping ~*~*~tactically~*~*~ (outnumbered).
  2556 | D:7      | 2556 ||| Stepping ~*~*~tactically~*~*~ (outnumbered).
  2610 | D:7      | 2610 ||| READING scroll of enchant weapon.
  2610 | D:7      | 2610 ||| ENCHANTING +5 sling.
  2613 | D:7      | Noticed Joseph
  2615 | D:7      | HP: 5/45 [Joseph/sling bullet (18)]
  2617 | D:7      | Killed from afar by Joseph

Levels and vault maps discovered:
D:1:      dpeg_arrival_three_same_balls, layout_basic
D:2:      cheibrodos_helix_gallery, layout_basic
D:3:      layout_basic, mainiacjoe_overflow_brackets,
          hellmonk_ecumenical_altar_inner_sanctum, uniq_grinder
D:4:      layout_cave_pools, kennysheep_ying_yang,
          mainiacjoe_overflow_small_starburst
D:7:      layout_layer_cave, minmay_temple_entry_drinking_statues,
          minmay_liquid_box, hangedman_abyss_or_decor_stabs,
          kennysheep_opposing_triangles, uniq_joseph, uniq_duvessa

Skill      XL: |  1  2  3  4 |
---------------+-------------+-----
Ranged Weapons | 3 4 5 |  5.9
Fighting       | 2 3 |  3.0
Armour         | 1 |  1.5
Dodging        | |  2.1
Spellcasting   | |  1.0
Hexes          | |  2.0

Action                     |  1- 3 |  4- 6 || total
---------------------------+-------+-------++-------
   Fire: Sling             |    96 |   101 ||   197
    Use: Scroll            |     6 |     5 ||    11
 Armour: Robe              |     4 |       ||     4
         Ring mail         |     7 |    14 ||    21
  Dodge: Dodged            |    19 |    18 ||    37

Table legend:
 A = Non-vault XP
 B = Vault XP
 C = Vault XP percentage of total XP
 D = Non-vault monster count
 E = Vault monster count
 F = Vault count percentage of total count
                 A         B        C        D         E       F
            +---------+---------+-------+---------+---------+-------
      Total |     340 |       4 |   1.2 |      63 |       2 |   3.1
            +---------+---------+-------+---------+---------+-------
        D:1 |      26 |       0 |   0.0 |      13 |       0 |   0.0
        D:2 |      40 |       4 |   9.1 |      13 |       2 |  13.3
        D:3 |      82 |       0 |   0.0 |      12 |       0 |   0.0
        D:4 |      88 |       0 |   0.0 |      18 |       0 |   0.0
        D:7 |     104 |       0 |   0.0 |       7 |       0 |   0.0
            +---------+---------+-------+---------+---------+-------
